 Dungeon Crawl Stone Soup version 0.30-a0-1124-g6e8f0f562f (webtiles) character file.

Game seed: 7394224858061256094

76 hellse the Trooper (level 4, -4/42 HPs)
             Began as a Minotaur Berserker on Apr 24, 2023.
             Was a Follower of Trog.
             Slain by an orc
             ... wielding a +0 mace
              (7 damage)
             ... on level 3 of the Dungeon.
             The game lasted 00:02:04 (1780 turns).

hellse the Trooper (Minotaur Berserker)             Turns: 1780, Time: 00:02:05

Health: -4/42      AC: 11    Str: 19 (21) XL:     4   Next: 12%
Magic:  3/3        EV:  8    Int:  1 (4)  God:    Trog [*.....]
Gold:   85         SH:  0    Dex:  9 (12) Spells: 3/3 levels left

rFire   + . .        a - +0 hand axe
rCold   + . .        (no shield)
rNeg    . . .        h - +0 chain mail
rPois   +            i - +2 hat
rElec   +            (no cloak)
rCorr   +            (no gloves)
SInv    .            f - +0 pair of boots
Will    .....        (no amulet) Stlth
                     (no ring)
HPRegen 0.27/turn    (no ring)
MPRegen 0.08/turn

%: no passive effects
@: resistant, on berserk cooldown, attractive, flying, slowed, very slow
A: horns 2, retaliatory headbutt
a: Renounce Religion, Berserk


You were on level 3 of the Dungeon.
You worshipped Trog.
Trog was aware of your devotion.
You visited 1 branch of the dungeon, and saw 3 of its levels.

You collected 85 gold pieces.

Inventory:

Hand Weapons
 a - a +0 hand axe (weapon)
Armour
 b - a +0 animal skin
 f - a +0 pair of boots (worn)
 h - a +0 chain mail (worn)
 i - a +2 hat (worn)
Scrolls
 d - a scroll of enchant weapon {unknown}
 g - a scroll of teleportation {unknown}
 j - 3 scrolls of blinking {unknown}
 k - a scroll of enchant armour {unknown}
 n - 3 scrolls of identify {unknown}
 o - a scroll of noise {unknown}
 p - 2 scrolls of vulnerability {unknown}
 q - a scroll of butterflies {unknown}
Potions
 l - a potion of lignification {unknown}


   Skills:
 + Level 5.0 Fighting
 + Level 5.0 Axes
 - Level 2.4 Armour
 - Level 2.1 Dodging


You had 3 spell levels left.
You didn't know any spells.
Your spell library was empty.

Dungeon Overview and Level Annotations

Branches:
Dungeon (3/15)

Altars:

Shops:
D:1 [


Innate Abilities, Weirdness & Mutations

You have a pair of horns on your head.
You reflexively headbutt those who attack you in melee.


Message History

You hear some strange, mumbled words.
You are more confused.
You completely miss something. Your headbutt misses something.
You hear some strange, mumbled words.
Something tries to affect you, but you resist.
You hear some strange, mumbled words.
Something tries to affect you, but you resist.
You bump into the rock wall.
Something hits you but does no damage.
You bump into the rock wall.
Something hits you but does no damage.
You hear some strange, mumbled words.
You are more confused.
You bump into the rock wall.
An orc wizard appears from thin air!
Reactivating autopickup.
The orc wizard barely misses you. The orc wizard closely misses you.
You slash the orc wizard!
You kill the orc wizard!
Trog accepts your kill.
Trog appreciates your killing of a magic user.
The orc hits you with a +0 mace.
* * * LOW HITPOINT WARNING * * *
Your Fighting skill increases to level 5!
Your Axes skill increases to level 5!
You have reached level 4!
You feel agile.
It was a potion of resistance.
You feel protected. The orc hits you but does no damage.
It was a potion of flight.
You feel very buoyant.
You fly up into the air.
The orc hits you but does no damage. The orc hits you with a +0 mace.
* * * LOW HITPOINT WARNING * * *
It was a potion of degeneration.
There was something very wrong with that liquid.
You feel weakened.
You feel dopey.
You feel clumsy. The orc closely misses you.
It was a potion of attraction.
You feel attractive to monsters.
You feel less confused. The orc hits you but does no damage.
The orc hits you with a +0 mace!
You die...

#...# #........#
#.^.###'########
####.....#
#.....# #.....#
#.....#
###########.##
###
.......####.#
...
.......)oo@.#
###
.......######
....... .......
#######


You could see 2 orcs.

Vanquished Creatures
  An orc wizard (D:3)
  An adder (D:3)
  A worm (D:2)
  A dart slug (D:3)
  2 orcs (D:3)
  2 ball pythons
  2 bats (D:1)
  An endoplasm (D:2)
  A giant cockroach (D:1)
  5 goblins
  4 hobgoblins (D:1)
  2 quokkas (D:1)
  7 kobolds
  4 rats
34 creatures vanquished.

Notes
Turn   | Place    | Note
-------+----------+-------------------------------------------
     0 | D:1      | hellse the Minotaur Berserker began the quest for the Orb.
     0 | D:1      | Reached XP level 1. HP: 19/19 MP: 0/0
    53 | D:1      | Found Hazug's Antique Armour Shoppe.
   260 | D:1      | Reached XP level 2. HP: 19/27 MP: 1/1
  1120 | D:2      | Reached XP level 3. HP: 31/34 MP: 2/2
  1769 | D:3      | HP: 1/34 [something (3)]
  1777 | D:3      | Reached skill level 5 in Fighting
  1777 | D:3      | Reached skill level 5 in Axes
  1777 | D:3      | Reached XP level 4. HP: 4/42 MP: 3/3
  1778 | D:3      | HP: 2/42 [orc/+0 mace (3)]
  1780 | D:3      | Slain by an orc

Illustrated notes

Levels and vault maps discovered:
D:1:      spicycebolla_arrival_risky_transporter, layout_basic, serial_shops,
          shop, nicolae_concentric_dashed_squares_wild, minmay_pentomino_r2
D:2:      layout_basic
D:3:      layout_basic

Skill      XL: |  1  2  3 |
---------------+----------+-----
Fighting       | 4 5 |  5.0
Axes           | 4 5 |  5.0
Armour         | |  2.4
Dodging        | |  2.1

Action                     |  1- 3 |  4- 6 || total
---------------------------+-------+-------++-------
  Melee: Hand axe          |   116 |       ||   116
         Headbutt          |    15 |       ||    15
 Invoke: Berserk           |     1 |       ||     1
    Use: Potion            |       |     4 ||     4
 Armour: Animal skin       |    15 |       ||    15
         Chain mail        |    32 |     3 ||    35
  Dodge: Dodged            |    44 |     1 ||    45

Table legend: (Time is in decaauts)
 A = Elapsed time spent in this place.
 B = Non-inter-level travel time spent in this place.
 C = Inter-level travel time spent in this place.
 D = Time resting spent in this place.
 E = Time spent auto-exploring this place.
 F = Levels seen in this place.
 G = Mean time per level.
                   A        B        C        D        E       F      G
               +--------+--------+--------+--------+--------+-----+--------+
         Total |   1795 |   1674 |    121 |      0 |   1381 |   3 |  598.3 |
       Dungeon |   1795 |   1674 |    121 |      0 |   1381 |   3 |  598.3 |
               +--------+--------+--------+--------+--------+-----+--------+

Top non-repeatable levels by time:
     D:1: 854 daAuts
     D:2: 641 daAuts
     D:3: 299 daAuts
